AoeStats
← JAGR | STYLORD

Enclosed

504071822Analyzed
1v1 RM · 27d ago on Sep 3, 2026· 44m 35s· 2 players
Game mode
Random Map
Map size
Tiny (2 player)
Population
200
Speed
Normal
Resources
Standard
Victory
Conquest
Starting age
Dark Age
Ending age
Imperial Age
RankedLock teamsTeams togetherTeam positionsShared explorationLock speedFull tech treeHidden civsTurbo modeCheats
Victory
Defeat
🇵🇪 Vikings · Peru
1201
+17
🇺🇸 Turks · United States
1232
-17
JAGR | STYLORD
6:24 Loom
9:28 Feudal Age
21:54 Castle Age
20:07 Double-Bit Axe
20:41 Scale Mail Armor
22:18 Forging
23:32 Crossbowman
23:36 Pikeman
25:08 Bow Saw
25:15 Squires
27:39 Fletching
30:21 Gold Mining
30:35 Bodkin Arrow
30:49 Town Watch
32:07 Elite Skirmisher
32:52 Padded Archer Armor
33:08 Chain Mail Armor
32:50 Horse Collar
37:04 Imperial Age
34:52 Heavy Plow
35:43 Ballistics
36:35 Iron Casting
38:08 Chieftains
38:47 Plate Mail Armor
38:41 Gambesons
38:43 Arson
40:01 Conscription
40:53 Blast Furnace
41:57 Light Cavalry
43:27 Gold Shaft Mining
43:30 Scale Barding Armor
43:54 Town Patrol
44:34 Chain Barding Armor
44:15 Bracer
Nick
7:57 Loom
9:46 Feudal Age
8:06 Loom
11:10 Double-Bit Axe
17:01 Castle Age
24:58 Gold Mining
28:21 Fletching
30:26 Bodkin Arrow
33:50 Wheelbarrow
34:58 Hand Cart
38:55 Imperial Age
38:19 Ballistics
40:10 Parthian Tactics
40:46 Murder Holes
Connection lost

Rejoining the realm…

Still unreachable

The connection could not be restored.

Session expired

The server has moved on; the page needs a fresh start.